 Dungeon Crawl Stone Soup version 0.30.0-29-ga12c61a403 (webtiles) character file.

Game seed: 2114037154339215546

17698 qw the Cleaver (level 12, -6/76 HPs)
             Began as a Gargoyle Fighter on June 4, 2023.
             Was an Elder of Okawaru.
             Mangled by a bog body (43 damage)
             ... on level 2 of the Lair of Beasts.
             The game lasted 00:05:47 (10569 turns).

qw the Cleaver (Gargoyle Fighter)                  Turns: 10569, Time: 00:05:48

Health: -6/76      AC: 36    Str: 25    XL:     12   Next: 50%
Magic:  18/18      EV:  7    Int:  9    God:    Okawaru [****..]
Gold:   716        SH: 10    Dex:  9    Spells: 11/11 levels left

rFire   + . .        Y - +3 war axe
rCold   x . .        B - +0 kite shield {reflect}
rNeg    + . .        t - +0 plate armour
rPois   inf          n - +1 helmet
rElec   +            h - +0 cloak
rCorr   .            e - +2 pair of gloves
SInv    +            w - +1 pair of boots
Will    .....        v - amulet of regeneration Stlth
                     l - +4 ring of protection
HPRegen 1.12/turn    b - ring of see invisible
MPRegen 0.16/turn

%: reflection
@: slowed, very slow
A: sickness immunity, AC +8, negative energy resistance 1, electricity
resistance, torment resistance 1, petrification resistance, fire resistance 1,
cold vulnerability 1, MP-powered wands, sturdy frame 1, noise suppression
a: Renounce Religion, Heroism, Finesse


You were on level 2 of the Lair of Beasts.
You worshipped Okawaru.
Okawaru was greatly pleased with you.
You visited 3 branches of the dungeon, and saw 12 of its levels.

You collected 755 gold pieces.
You spent 39 gold pieces at shops.


Innate Abilities, Weirdness & Mutations

You are immune to sickness and miasma.
Your stone body is resilient. (AC +8)
You are immune to poison.
You resist negative energy. (rN+)
You are resistant to electric shocks. (rElec)
You are resistant to unholy torment.
You are immune to petrification.
Your flesh is heat resistant. (rF+)
You are vulnerable to cold. (rC-)
You expend magic power (3 MP) to strengthen your wands.
Your movements are slightly less encumbered by armour. (ER -2)
You passively dampen the noise of your surroundings.


   Skills:
 - Level 9.0 Fighting
 - Level 11.5 Axes
 - Level 4.2 Throwing
 - Level 9.0 Armour
 - Level 1.9 Dodging
 + Level 8.7 Shields
 + Level 8.7 Invocations


You had 11 spell levels left.
You didn't know any spells.
Your spell library was empty.

Inventory:

Hand Weapons
 k - a +3 morningstar
 Y - a +3 war axe (weapon)
Missiles
 p - 12 boomerangs (quivered)
Armour
 e - a +2 pair of gloves (worn)
 h - a +0 cloak (worn)
 n - a +1 helmet (worn)
 t - a +0 plate armour (worn)
 w - a +1 pair of boots (worn)
 B - a +0 kite shield of reflection (worn)
Jewellery
 b - a ring of see invisible (right hand)
 l - a +4 ring of protection (left hand)
 s - a ring of fire
 v - an amulet of regeneration (around neck)
 x - a +6 ring of dexterity
 z - a ring of protection from fire
Scrolls
 a - 2 scrolls of identify
 o - 4 scrolls of teleportation
Potions
 d - 6 potions of might
 f - a potion of magic
 g - a potion of haste
 i - 3 potions of attraction
 m - a potion of lignification
 q - 6 potions of curing
 r - 3 potions of heal wounds
 A - a potion of cancellation

Dungeon Overview and Level Annotations

Branches:
Dungeon (9/15)             Temple (1/1) D:5            Lair (2/5) D:9
  Snake (0/4) Lair:2          Orc (0/2) D:9
  Swamp: Lair:2-3    Shoals: Lair:2-3

Altars:
Ashenzari
Cheibriados
Dithmenos
Elyvilon
Fedhas
Gozag
Hepliaklqana
Kikubaaqudgha
Makhleb
Nemelex Xobeh
Okawaru
Qazlal
Ru
Sif Muna
Trog
Uskayaw
Wu Jian
Xom
Yredelemnul
Zin
The Shining One

Shops:
D:1 *

Annotations:
D:4 3 runed translucent doors, qw's ghost, amateur GrFi
D:7 1 runed translucent door, Crazy Yiuf


Message History

You block the cane toad's attack.
You hit the cane toad.
You kill the cane toad!
Okawaru accepts your kill.
You start resting.
HP restored.
Things that are here:
a +0 glaive; a naga corpse You enter the shallow water.
Moving in this stuff is going to be slow.
A bog body comes into view.
You see here a silver javelin.
Enter note:
Enter note:
10561 ||| Stepping ~*~*~tactically~*~*~ (hiding).
Enter note:
Enter note: You start waiting.
A bog body is nearby!
10563 ||| Stepping ~*~*~tactically~*~*~ (hiding).
Enter note:
Enter note: You start waiting.
A bog body is nearby!
You closely miss the bog body.
The bog body points at you and mumbles some strange words.
You feel yourself slow down.
You barely miss the bog body. You block the bog body's attack.
The bog body gestures at you while chanting.
You resist with significant effort.
You barely miss the bog body.
You hear the rumble of an avalanche of rocks nearby.
The bog body gestures at you while chanting.
You resist with significant effort.
You closely miss the bog body. The bog body touches you!
The bog body freezes you!
You feel a terrible chill! The bog body touches you!
The bog body freezes you!!!
You feel a terrible chill!
Ouch! That really hurt!
You die...

...... ...... ..# 7 ....# .P#
~n777...##.# ...}.....# ..}....##
777n.....## 77777..@......###
.........(......# ######
..77.7...........~~~~~P###.#...
.................~~~~~~~........
...P...........~~~~P..~~~.......
................~~~~....~~~~.....
..........[.....~~.....P.~~~...P#
..#............~~...>.)~)~...##
.#............~~~..~...)~~....##


You could see a bog body.

Vanquished Creatures
  Gastronok (Lair:1)
  Pikel (D:7)
  An orc sorcerer (D:9)
  3 cyclopes (D:9)
  Joseph (D:7)
  A black mamba (Lair:1)
  A torpor snail (Lair:1)
  5 cane toads
  A rime drake (Lair:1)
  A kobold demonologist (D:9)
  A komodo dragon (Lair:1)
  4 trolls (D:9)
  Prince Ribbit (D:9)
  10 yaks
  3 wyverns
  A wraith (D:7)
  A steam dragon (D:7)
  Edmund (D:5)
  9 wargs (D:9)
  2 acid dragons
  4 nagas (Lair:2)
  A hell hound (D:9)
  4 water moccasins
  An ice beast (D:6)
  10 orc warriors
  A sky beast (D:7)
  2 black bears
  5 ogres
  A centaur (D:9)
  3 lemures (D:7)
  7 kobold brigands (D:9)
  3 bullfrogs
  10 gnoll sergeants (D:9)
  A scorpion (D:4)
  19 wights
  5 killer bees (D:7)
  12 howler monkeys
  A bullfrog zombie (D:7)
  A jelly (D:4)
  9 gnoll boudas
  A hound (D:5)
  An iguana (D:4)
  2 sleepcaps
  7 orc priests
  Natasha (twice) (D:4)
  11 orc wizards
  A killer bee zombie (D:7)
  11 gnolls
  3 adders
  3 shadow imps
  A white imp (D:8)
  A howler monkey simulacrum (D:9)
  2 ufetubi
  5 dart slugs
  A worm (D:3)
  20 orcs
  10 ball pythons
  8 endoplasms
  8 goblins
  5 hobgoblins
  3 jackals (D:4)
  2 quokkas
  2 bats (D:2)
  5 frilled lizards
  4 kobolds
  2 rats
270 creatures vanquished.

Notes
Turn   | Place    | Note
-------+----------+-------------------------------------------
     0 | D:1      | qw the Gargoyle Fighter began the quest for the Orb.
     0 | D:1      | Reached XP level 1. HP: 14/14 MP: 1/1
     0 | D:1      | 0 ||| qw: Version: 0.2-a-107-g4668610
     0 | D:1      | 0 ||| qw: Game counter: 1217
     0 | D:1      | 0 ||| qw: Always use a shield: true
     0 | D:1      | 0 ||| qw: God list: Okawaru
     0 | D:1      | 0 ||| qw: Allow faded altars: false
     0 | D:1      | 0 ||| qw: Do Orc after D:15 true
     0 | D:1      | 0 ||| qw: Do second Lair branch before Depths: true
     0 | D:1      | 0 ||| qw: Lair rune preference: random
     0 | D:1      | 0 ||| qw: Plans: Normal, Zot:1-4, Slime:5, God:TSO, Crypt,
                  | Tomb, Abyss, Pan, Hells, Win
     0 | D:1      | 0 ||| PLANNING D:1-11
    29 | D:1      | 29 ||| Stepping ~*~*~tactically~*~*~ (stealth).
    30 | D:1      | 30 ||| Stepping ~*~*~tactically~*~*~ (stealth).
    31 | D:1      | 31 ||| Stepping ~*~*~tactically~*~*~ (stealth).
    37 | D:1      | Reached skill level 2 in Axes
    62 | D:1      | Reached XP level 2. HP: 19/19 MP: 2/2
    74 | D:1      | 74 ||| Stepping ~*~*~tactically~*~*~ (stealth).
    97 | D:1      | You fall into a shaft and drop 1 floor!
   116 | D:2      | 116 ||| UPGRADING to +0 pair of gloves.
   238 | D:1      | 238 ||| Stepping ~*~*~tactically~*~*~ (stealth).
   240 | D:1      | 240 ||| Stepping ~*~*~tactically~*~*~ (hiding).
   334 | D:1      | Reached skill level 3 in Axes
   414 | D:1      | Reached XP level 3. HP: 9/23 MP: 3/3
   551 | D:1      | Found Iche's Assorted Antiques.
   561 | D:1      | 561 ||| BUYING fuming brown potion (18 gold).
   561 | D:1      | Bought a fuming brown potion for 18 gold pieces
   561 | D:1      | 561 ||| BUYING scroll labelled CICORAE YX ZEL (21 gold).
   561 | D:1      | Bought a scroll labelled CICORAE YX ZEL for 21 gold pieces
   561 | D:1      | 561 ||| SHOPLISTING viscous clear potion (18 gold, have 5).
   561 | D:1      | 561 ||| SHOPLISTING viscous ruby potion (18 gold, have 5).
   599 | D:1      | Found a faded altar of an unknown god.
   706 | D:1      | 706 ||| UPGRADING to +0 chain mail.
   716 | D:1      | 716 ||| DROPPING +0 scale mail.
   717 | D:1      | 717 ||| UPGRADING to +4 ring of protection.
   718 | D:1      | 718 ||| READING 5 scrolls labelled CICORAE YX ZEL.
   719 | D:1      | 719 ||| READING scroll labelled LUAMIL TEXTA.
   720 | D:1      | 720 ||| READING 4 scrolls of identify.
   720 | D:1      | 720 ||| IDENTIFYING fizzy coppery potion
   721 | D:1      | 721 ||| READING 3 scrolls of identify.
   721 | D:1      | 721 ||| IDENTIFYING fuming brown potion
   829 | D:2      | 829 ||| Stepping ~*~*~tactically~*~*~ (hiding).
   953 | D:2      | Reached skill level 1 in Throwing
  1285 | D:2      | 1285 ||| UPGRADING to ring of see invisible.
  1286 | D:2      | 1286 ||| READING scroll labelled RUYBIO XIBUMIW.
  1287 | D:2      | 1287 ||| READING 4 scrolls of identify.
  1287 | D:2      | 1287 ||| IDENTIFYING clear potion
  1468 | D:3      | Found an ornate altar of the Wu Jian Council.
  1505 | D:3      | 1505 ||| Stepping ~*~*~tactically~*~*~ (hiding).
  1648 | D:3      | Reached XP level 4. HP: 28/28 MP: 4/4
  1680 | D:3      | 1680 ||| READING scroll of enchant armour.
  1680 | D:3      | 1680 ||| ENCHANTING +0 pair of gloves.
  1917 | D:3      | 1917 ||| Stepping ~*~*~tactically~*~*~ (stealth).
  1918 | D:3      | 1918 ||| Stepping ~*~*~tactically~*~*~ (stealth).
  1920 | D:3      | 1920 ||| Stepping ~*~*~tactically~*~*~ (stealth).
  2032 | D:3      | 2032 ||| DROPPING orb of guile.
  2033 | D:3      | 2033 ||| READING scroll labelled DUZIEG TUHEMI.
  2134 | D:3      | 2134 ||| READING scroll labelled WASKAH NEXIMI.
  2231 | D:4      | Reached skill level 4 in Axes
  2255 | D:4      | Noticed qw's ghost (amateur GrFi)
  2408 | D:4      | 2408 ||| Stepping ~*~*~tactically~*~*~ (hiding).
  2410 | D:4      | 2410 ||| DRINKING potion of curing.
  2410 | D:4      | 2410 ||| (to cure confusion)
  2414 | D:4      | Reached XP level 5. HP: 32/32 MP: 5/5
  2428 | D:4      | Found a runed translucent gate.
  2428 | D:4      | Found a runed translucent gate.
  2428 | D:4      | Found a runed translucent gate.
  2430 | D:4      | 2430 ||| DROPPING +0 whip.
  2434 | D:4      | Noticed a black bear
  2501 | D:4      | Reached skill level 5 in Axes
  2663 | D:4      | 2663 ||| Stepping ~*~*~tactically~*~*~ (hiding).
  2774 | D:4      | Found a shimmering altar of Xom.
  2869 | D:4      | Noticed Natasha
  2871 | D:4      | 2871 ||| Stepping ~*~*~tactically~*~*~ (hiding).
  2876 | D:4      | Killed Natasha
  2877 | D:4      | Reached XP level 6. HP: 38/38 MP: 6/6
  3159 | D:4      | 3159 ||| UPGRADING to +0 cloak.
  3164 | D:4      | 3164 ||| READING scroll labelled ZABBUJ LOTORPHA.
  3165 | D:4      | 3165 ||| READING scroll labelled SIANOQ XIONN.
  3166 | D:4      | 3166 ||| READING scroll labelled ACO WAHIALOTOU.
  3169 | D:4      | 3169 ||| READING 4 scrolls of identify.
  3169 | D:4      | 3169 ||| IDENTIFYING blue potion
  3170 | D:4      | 3170 ||| READING 3 scrolls of identify.
  3170 | D:4      | 3170 ||| IDENTIFYING coppery potion
  3171 | D:4      | 3171 ||| DROPPING potion of flight.
  3206 | D:4      | 3206 ||| STAIRDANCE
  3210 | D:4      | 3210 ||| STAIRDANCE
  3214 | D:4      | 3214 ||| STAIRDANCE
  3218 | D:4      | 3218 ||| STAIRDANCE
  3222 | D:4      | 3222 ||| STAIRDANCE
  3226 | D:4      | 3226 ||| STAIRDANCE
  3230 | D:4      | 3230 ||| STAIRDANCE
  3234 | D:4      | 3234 ||| STAIRDANCE
  3238 | D:4      | 3238 ||| STAIRDANCE
  3242 | D:4      | 3242 ||| STAIRDANCE
  3246 | D:4      | 3246 ||| STAIRDANCE
  3250 | D:4      | 3250 ||| STAIRDANCE
  3254 | D:4      | 3254 ||| STAIRDANCE
  3258 | D:4      | 3258 ||| STAIRDANCE
  3262 | D:4      | 3262 ||| STAIRDANCE
  3266 | D:4      | 3266 ||| STAIRDANCE
  3270 | D:4      | 3270 ||| STAIRDANCE
  3274 | D:4      | 3274 ||| STAIRDANCE
  3278 | D:4      | 3278 ||| STAIRDANCE
  3282 | D:4      | 3282 ||| STAIRDANCE
  3333 | D:4      | 3333 ||| FLEEEEING.
  3334 | D:4      | 3334 ||| FLEEEEING.
  3335 | D:4      | 3335 ||| FLEEEEING.
  3336 | D:4      | 3336 ||| FLEEEEING.
  3337 | D:4      | 3337 ||| FLEEEEING.
  3338 | D:4      | 3338 ||| FLEEEEING.
  3339 | D:4      | 3339 ||| FLEEEEING.
  3340 | D:4      | 3340 ||| FLEEEEING.
  3341 | D:4      | 3341 ||| FLEEEEING.
  3342 | D:4      | 3342 ||| FLEEEEING.
  3343 | D:4      | 3343 ||| FLEEEEING.
  3344 | D:4      | 3344 ||| FLEEEEING.
  3345 | D:4      | 3345 ||| FLEEEEING.
  3347 | D:4      | 3347 ||| FLEEEEING.
  3561 | D:4      | 3561 ||| Stepping ~*~*~tactically~*~*~ (stealth).
  3820 | D:4      | Noticed Natasha
  3834 | D:4      | Killed Natasha
  3965 | D:4      | 3965 ||| READING scroll labelled ANIDOUPTUDIRR.
  3966 | D:4      | 3966 ||| READING scroll labelled JEJUIH VOTRUD.
  3996 | D:4      | 3996 ||| READING scroll labelled BYGESO KEAMOPT.
  4017 | D:5      | Entered Level 5 of the Dungeon
  4024 | D:5      | Found a staircase to the Ecumenical Temple.
  4025 | D:5      | 4025 ||| PLANNING TEMPLE
  4033 | Temple   | Entered the Ecumenical Temple
  4056 | Temple   | 4056 ||| PLANNING OKAWARU WORSHIP
  4190 | Temple   | Became a worshipper of Warmaster Okawaru
  4190 | Temple   | 4190 ||| PLANNING D:1-11
  4250 | D:5      | Found a broken altar of Ashenzari.
  4264 | D:5      | 4264 ||| Stepping ~*~*~tactically~*~*~ (hiding).
  4265 | D:5      | 4265 ||| Stepping ~*~*~tactically~*~*~ (hiding).
  4399 | D:5      | Noticed a black bear
  4410 | D:5      | Killed a black bear
  4411 | D:5      | Reached skill level 6 in Axes
  4411 | D:5      | Reached XP level 7. HP: 15/43 MP: 7/7
  4647 | D:5      | Noticed Edmund
  4667 | D:5      | Killed Edmund
  4668 | D:5      | Reached skill level 1 in Dodging
  4724 | D:5      | Found a white marble altar of Elyvilon.
  4752 | D:5      | Reached * piety under Okawaru
  5030 | D:5      | 5030 ||| READING 3 scrolls of identify.
  5030 | D:5      | 5030 ||| IDENTIFYING brown potion
  5031 | D:5      | 5031 ||| DROPPING potion of ambrosia.
  5108 | D:6      | 5108 ||| Stepping ~*~*~tactically~*~*~ (hiding).
  5227 | D:6      | Reached skill level 1 in Invocations
  5232 | D:6      | 5232 ||| Stepping ~*~*~tactically~*~*~ (stealth).
  5243 | D:6      | 5243 ||| INVOKING Heroism.
  5246 | D:6      | 5246 ||| Stepping ~*~*~tactically~*~*~ (hiding).
  5256 | D:6      | 5256 ||| Stepping ~*~*~tactically~*~*~ (stealth).
  5257 | D:6      | 5257 ||| Stepping ~*~*~tactically~*~*~ (stealth).
  5360 | D:6      | 5360 ||| READING scroll of enchant armour.
  5360 | D:6      | 5360 ||| ENCHANTING +1 pair of gloves.
  5425 | D:6      | Reached skill level 7 in Axes
  5425 | D:6      | Reached XP level 8. HP: 44/48 MP: 8/10
  5567 | D:6      | Reached skill level 3 in Invocations
  5710 | D:6      | 5710 ||| UPGRADING to +0 pair of boots.
  5715 | D:6      | 5715 ||| UPGRADING to amulet of regeneration.
  5720 | D:6      | 5720 ||| READING scroll labelled GUSOP KOTHOWYE.
  5721 | D:6      | 5721 ||| READING 3 scrolls labelled SOGOSTR CIPEO.
  5722 | D:6      | 5722 ||| READING 2 scrolls of enchant weapon.
  5722 | D:6      | 5722 ||| ENCHANTING +1 war axe.
  5723 | D:6      | 5723 ||| READING scroll of enchant weapon.
  5723 | D:6      | 5723 ||| ENCHANTING +2 war axe.
  5724 | D:6      | 5724 ||| READING scroll labelled FEEJ PEOSTIATY.
  5725 | D:6      | 5725 ||| READING scroll labelled QUMAITHR KOCZAO.
  5726 | D:6      | 5726 ||| READING 2 scrolls of identify.
  5726 | D:6      | 5726 ||| IDENTIFYING murky ruby potion
  5727 | D:6      | 5727 ||| DROPPING potion of degeneration.
  5769 | D:7      | 5769 ||| INVOKING Heroism.
  5786 | D:7      | Reached ** piety under Okawaru
  5788 | D:7      | 5788 ||| STAIRDANCE
  5790 | D:6      | 5790 ||| INVOKING Heroism.
  5820 | D:7      | 5820 ||| STAIRDANCE
  5848 | D:7      | 5848 ||| Stepping ~*~*~tactically~*~*~ (hiding).
  5962 | D:7      | Noticed Joseph
  5975 | D:7      | 5975 ||| INVOKING Heroism.
  5976 | D:7      | Killed Joseph
  5977 | D:7      | Reached XP level 9. HP: 38/54 MP: 9/12
  6048 | D:7      | 6048 ||| READING scroll of enchant armour.
  6048 | D:7      | 6048 ||| ENCHANTING +0 pair of boots.
  6089 | D:7      | Reached skill level 8 in Axes
  6231 | D:7      | Found a shimmering blue altar of Sif Muna.
  6302 | D:7      | 6302 ||| INVOKING Heroism.
  6306 | D:7      | Reached skill level 6 in Fighting
  6332 | D:7      | Noticed Pikel
  6333 | D:7      | 6333 ||| Stepping ~*~*~tactically~*~*~ (stealth).
  6334 | D:7      | 6334 ||| INVOKING Heroism.
  6353 | D:7      | Killed Pikel
  6353 | D:7      | Reached *** piety under Okawaru
  6354 | D:7      | Reached skill level 9 in Axes
  6364 | D:7      | 6364 ||| DROPPING +0 flail.
  6414 | D:7      | 6414 ||| INVOKING Heroism.
  6459 | D:7      | 6459 ||| Stepping ~*~*~tactically~*~*~ (hiding).
  6481 | D:7      | Reached XP level 10. HP: 52/60 MP: 13/13
  6509 | D:7      | Found a runed translucent door.
  6510 | D:7      | Noticed Crazy Yiuf
  6640 | D:7      | Found a burning altar of Makhleb.
  6787 | D:7      | 6787 ||| UPGRADING to +0 helmet.
  6792 | D:7      | 6792 ||| READING 3 scrolls of identify.
  6792 | D:7      | 6792 ||| IDENTIFYING viscous clear potion
  6876 | D:8      | 6876 ||| INVOKING Heroism.
  6878 | D:8      | Reached skill level 6 in Armour
  6879 | D:8      | Reached **** piety under Okawaru
  6879 | D:8      | Received a gift from Okawaru
  6959 | D:8      | 6959 ||| INVOKING Heroism.
  6991 | D:8      | 6991 ||| Stepping ~*~*~tactically~*~*~ (hiding).
  6999 | D:8      | 6999 ||| Stepping ~*~*~tactically~*~*~ (stealth).
  7000 | D:8      | 7000 ||| Stepping ~*~*~tactically~*~*~ (stealth).
  7063 | D:8      | 7063 ||| Stepping ~*~*~tactically~*~*~ (hiding).
  7064 | D:8      | 7064 ||| Stepping ~*~*~tactically~*~*~ (hiding).
  7342 | D:8      | 7342 ||| Stepping ~*~*~tactically~*~*~ (hiding).
  7343 | D:8      | 7343 ||| Stepping ~*~*~tactically~*~*~ (hiding).
  7344 | D:8      | 7344 ||| Stepping ~*~*~tactically~*~*~ (hiding).
  7345 | D:8      | 7345 ||| Stepping ~*~*~tactically~*~*~ (hiding).
  7347 | D:8      | 7347 ||| Stepping ~*~*~tactically~*~*~ (hiding).
  7470 | D:8      | Reached skill level 10 in Axes
  7581 | D:8      | Found a snail-covered altar of Cheibriados.
  7598 | D:8      | Found a hazy altar of Hepliaklqana.
  7604 | D:8      | Found an ancient bone altar of Kikubaaqudgha.
  7604 | D:8      | Found a glowing golden altar of the Shining One.
  7609 | D:8      | Found a hide-covered altar of Uskayaw.
  7678 | D:8      | 7678 ||| UPGRADING to +0 plate armour.
  7688 | D:8      | 7688 ||| DROPPING +0 chain mail.
  7689 | D:8      | 7689 ||| DROPPING orb of light.
  7690 | D:8      | 7690 ||| DROPPING ring of willpower.
  7691 | D:8      | 7691 ||| DRINKING 2 green potions.
  7691 | D:8      | Gained mutation: You expend magic power (3 MP) to
                  | strengthen your wands. [potion of mutation]
  7691 | D:8      | Gained mutation: You are vulnerable to cold. (rC-) [potion
                  | of mutation]
  7691 | D:8      | Gained mutation: You are weak. (Str -2) [potion of
                  | mutation]
  7691 | D:8      | Gained mutation: You passively map a small area around you.
                  | [potion of mutation]
  7692 | D:8      | 7692 ||| DRINKING potion of mutation.
  7692 | D:8      | Lost mutation: You are weak. (Str -2) [potion of mutation]
  7692 | D:8      | Lost mutation: You passively map a small area around you.
                  | [potion of mutation]
  7692 | D:8      | Gained mutation: Your flesh is heat resistant. (rF+)
                  | [potion of mutation]
  7692 | D:8      | Gained mutation: You passively dampen the noise of your
                  | surroundings. [potion of mutation]
  7692 | D:8      | Gained mutation: Your movements are slightly less
                  | encumbered by armour. (ER -2) [potion of mutation]
  7693 | D:8      | 7693 ||| READING 3 scrolls of identify.
  7693 | D:8      | 7693 ||| IDENTIFYING bubbling blue potion
  7694 | D:8      | 7694 ||| DROPPING potion of berserk rage.
  7724 | D:9      | 7724 ||| Stepping ~*~*~tactically~*~*~ (hiding).
  7766 | D:9      | 7766 ||| INVOKING Heroism.
  7939 | D:9      | 7939 ||| INVOKING Heroism.
  7992 | D:9      | Noticed a cyclops
  7993 | D:9      | 7993 ||| Stepping ~*~*~tactically~*~*~ (hiding).
  7995 | D:9      | 7995 ||| INVOKING Heroism.
  8003 | D:9      | Killed a cyclops
  8003 | D:9      | Received a gift from Okawaru
  8004 | D:9      | Reached XP level 11. HP: 58/68 MP: 11/15
  8045 | D:9      | Noticed an orc sorcerer
  8045 | D:9      | Noticed a cyclops
  8046 | D:9      | 8046 ||| INVOKING Heroism.
  8061 | D:9      | HP: 17/68 [gnoll sergeant/+0 vampiric spear (3)]
  8062 | D:9      | 8062 ||| READING 3 scrolls of teleportation.
  8064 | D:9      | 8064 ||| DRINKING 2 potions of heal wounds.
  8068 | D:9      | Noticed a sun demon
  8068 | D:9      | Killed a cyclops
  8068 | D:9      | Received a gift from Okawaru
  8069 | D:9      | Reached skill level 6 in Invocations
  8071 | D:9      | 8071 ||| INVOKING Heroism.
  8161 | D:9      | 8161 ||| INVOKING Heroism.
  8189 | D:9      | Noticed a cyclops
  8193 | D:9      | 8193 ||| INVOKING Heroism.
  8194 | D:9      | Killed an orc sorcerer
  8197 | D:9      | Noticed a sixfirhy
  8211 | D:9      | Killed a cyclops
  8213 | D:9      | 8213 ||| FLEEEEING.
  8214 | D:9      | 8214 ||| Stepping ~*~*~tactically~*~*~ (stealth).
  8221 | D:9      | Reached skill level 11 in Axes
  8236 | D:9      | 8236 ||| INVOKING Heroism.
  8349 | D:9      | 8349 ||| INVOKING Heroism.
  8416 | D:9      | 8416 ||| Stepping ~*~*~tactically~*~*~ (hiding).
  8419 | D:9      | 8419 ||| INVOKING Heroism.
  8433 | D:9      | Reached skill level 9 in Fighting
  8452 | D:9      | 8452 ||| INVOKING Heroism.
  8490 | D:9      | 8490 ||| INVOKING Heroism.
  8595 | D:9      | Found a staircase to the Lair.
  8719 | D:9      | 8719 ||| Stepping ~*~*~tactically~*~*~ (stealth).
  8820 | D:9      | Received a gift from Okawaru
  8834 | D:9      | Noticed Prince Ribbit
  8845 | D:9      | Killed Prince Ribbit
  8953 | D:9      | Reached skill level 9 in Armour
  8957 | D:9      | Found a staircase to the Orcish Mines.
  8958 | D:9      | 8958 ||| INVOKING Heroism.
  8976 | D:9      | 8976 ||| INVOKING Heroism.
  9184 | D:9      | 9184 ||| INVOKING Heroism.
  9344 | D:9      | 9344 ||| PLANNING LAIR
  9344 | D:9      | 9344 ||| UPGRADING to +0 kite shield.
  9354 | D:9      | 9354 ||| DROPPING +0 buckler.
  9355 | D:9      | 9355 ||| DROPPING +2 pair of gloves.
  9356 | D:9      | 9356 ||| UPGRADING to +0 kite shield of reflection.
  9366 | D:9      | 9366 ||| DROPPING +0 kite shield.
  9367 | D:9      | 9367 ||| READING 3 scrolls of identify.
  9367 | D:9      | 9367 ||| IDENTIFYING red potion
  9368 | D:9      | 9368 ||| READING 2 scrolls of identify.
  9368 | D:9      | 9368 ||| IDENTIFYING metallic brown potion
  9423 | Lair:1   | Entered Level 1 of the Lair of Beasts
  9423 | Lair:1   | Noticed Gastronok
  9424 | Lair:1   | 9424 ||| INVOKING Heroism.
  9437 | Lair:1   | Killed Gastronok
  9438 | Lair:1   | Reached skill level 6 in Shields
  9438 | Lair:1   | Reached XP level 12. HP: 76/76 MP: 17/17
  9444 | Lair:1   | Received a gift from Okawaru
  9470 | Lair:1   | 9470 ||| FLEEEEING.
  9471 | Lair:1   | 9471 ||| STAIRDANCE
  9625 | Lair:1   | Identified the +0 scale mail of Pexzace {rF+}
  9774 | Lair:1   | 9774 ||| INVOKING Heroism.
  9827 | Lair:1   | 9827 ||| READING scroll of enchant armour.
  9827 | Lair:1   | 9827 ||| ENCHANTING +0 helmet.
  9952 | Lair:1   | 9952 ||| INVOKING Heroism.
  9953 | Lair:1   | 9953 ||| Stepping ~*~*~tactically~*~*~ (stealth).
 10421 | Lair:1   | 10421 ||| DROPPING +6 ring of intelligence.
 10470 | Lair:2   | Found a staircase to the Snake Pit.
 10482 | Lair:2   | 10482 ||| INVOKING Heroism.
 10561 | Lair:2   | 10561 ||| Stepping ~*~*~tactically~*~*~ (hiding).
 10563 | Lair:2   | 10563 ||| Stepping ~*~*~tactically~*~*~ (hiding).
 10569 | Lair:2   | Mangled by a bog body

Levels and vault maps discovered:
D:1:      scummos_arrival_simple_crosswalls, layout_basic,
          dreamdust_ecumenical_altar_sealed_demon, serial_shops,
          nicolae_shop_tiny_glass
D:2:      layout_rooms, serial_aquarium, aquarium_bridge_square
          [aquarium_subvault_window, aquarium_subvault_balcony,
          aquarium_subvault_wall, aquarium_subvault_bridge], aquarium_window_2,
          aquarium_window_1, aquarium_view_2d, aquarium_view_2c,
          aquarium_pool_split
D:3:      layout_loops_ring, nicolae_overflow_hidden_temple,
          kennysheep_another_room, minmay_door_square
D:4:      layout_layer_cave, lemuel_coloured_pillars_altar,
          gammafunk_ghost_split, minmay_quantized, uniq_natasha
D:5:      layout_gridville, mainiacjoe_overflow_catwalk, lemuel_crystal_altar,
          minmay_temple_entry_statues_fountains, uniq_edmund
D:6:      layout_cave_pools, minmay_starry_boxes
D:7:      layout_rooms, marbit_many_paths, led_sif_book, serial_undead,
          serial_undead_f, serial_undead_d, serial_undead_b, serial_undead_f,
          uniq_crazy_yiuf_cottage, uniq_joseph, uniq_pikel
D:8:      layout_basic, minitemple
D:9:      lemuel_castle_with_subvaults [lemuel_castle_interior_original],
          layout_stronghold, lair_entry_dummy,
          kennysheep_orc_monster_closet_entryway, roderic_roman_lattice,
          uniq_prince_ribbit1
Temple:   chequers_temple_sunken
Lair:1:   layout_gridlike, uniq_gastronok
Lair:2:   wander_river, layout_cave_pods, nicolae_swamp_entry_splash_gauntlet,
          guppyfry_snake_entry_island, nicolae_volcano_entry_two_sided

Skill      XL: |  1  2  3  4  5  6  7  8  9 10 11 12 |
---------------+-------------------------------------+-----
Axes           | 2 3 4 5 6 7 9 10 11 | 11.5
Throwing       | 1 4 |  4.2
Fighting       | 4 5 6 8 9 |  9.0
Dodging        | 1 |  1.9
Invocations    | 2 4 5 7 8 |  8.7
Armour         | 4 5 7 9 |  9.0
Shields        | 4 6 8 |  8.7

Action                     |  1- 3 |  4- 6 |  7- 9 | 10-12 || total
---------------------------+-------+-------+-------+-------++-------
  Melee: War axe           |    90 |   116 |   203 |   538 ||   947
  Throw: Javelin           |    15 |    20 |    34 |    24 ||    93
         Boomerang         |       |       |     4 |    76 ||    80
 Invoke: Heroism           |       |       |     7 |    21 ||    28
    Use: Scroll            |     6 |    11 |    10 |     6 ||    33
         Potion            |       |     1 |       |     3 ||     4
 Armour: Scale mail        |    32 |       |       |       ||    32
         Chain mail        |    11 |   101 |   166 |    55 ||   333
         Plate armour      |       |       |       |   307 ||   307
  Dodge: Dodged            |    33 |    75 |   103 |   178 ||   389
  Block: Buckler           |    17 |    25 |    58 |    96 ||   196
         Kite shield       |       |       |       |    72 ||    72
         Reflection        |       |       |       |     5 ||     5

Table legend:
 A = Non-vault XP
 B = Vault XP
 C = Vault XP percentage of total XP
 D = Non-vault monster count
 E = Vault monster count
 F = Vault count percentage of total count
                 A         B        C        D         E       F
            +---------+---------+-------+---------+---------+-------
      Total |   11314 |   13969 |  55.3 |     163 |     104 |  39.0
            +---------+---------+-------+---------+---------+-------
        D:1 |      38 |       0 |   0.0 |      22 |       0 |   0.0
        D:2 |      25 |       0 |   0.0 |      13 |       0 |   0.0
        D:3 |      29 |       0 |   0.0 |       8 |       0 |   0.0
        D:4 |     268 |      49 |  15.5 |      18 |       5 |  21.7
        D:5 |     397 |     157 |  28.3 |      10 |       1 |   9.1
        D:6 |     402 |     160 |  28.5 |      12 |       4 |  25.0
        D:7 |    1733 |    1837 |  51.5 |      23 |      13 |  36.1
        D:8 |    1900 |       0 |   0.0 |      18 |       0 |   0.0
        D:9 |    1231 |    9569 |  88.6 |      20 |      76 |  79.2
     Lair:1 |    4866 |    1549 |  24.1 |      18 |       1 |   5.3
     Lair:2 |     425 |     648 |  60.4 |       1 |       4 |  80.0
            +---------+---------+-------+---------+---------+-------
